 Dungeon Crawl Stone Soup version 0.23-a0-54-gae6112e (webtiles) character file.

6243 iamserjio the Blocker (level 10, -4/75 HPs)
             Began as a Mummy Fighter on Aug 8, 2018.
             Was an Initiate of Gozag.
             Slain by a spiny frog (19 damage)
             ... on level 2 of the Lair of Beasts.
             The game lasted 00:30:17 (15385 turns).

iamserjio the Blocker (Mummy Fighter)              Turns: 15385, Time: 00:30:17

Health: -4/75      AC: 15    Str: 23    XL:     10   Next: 62%
Magic:  11/11      EV:  6    Int:  7    God:    Gozag
Gold:   1450       SH: 11    Dex: 12    Spells: 9/9 levels left

rFire    x . .     SeeInvis +   q - +2 whip (flame)
rCold    + + +     Gourm    .   c - +0 shield
rNeg     + + +     Faith    .   z - +2 chain mail {rC+}
rPois    ∞         Spirit   .   p - +2 helmet
rElec    .         Reflect  .   (no cloak)
rCorr    .         Harm     .   (no gloves)
MR       +....                  (no boots)
Stlth    ..........             (no amulet)
HPRegen  0.22/turn              f - ring of see invisible
MPRegen  0.12/turn              l - ring of protection from cold

@: gold aura
A: no food or potions, fire vulnerability, cold resistance 1, negative energy
resistance 3, torment resistance, unbreathing
a: Potion Petition, Call Merchant, Bribe Branch, Renounce Religion


You were on level 2 of the Lair of Beasts.
You worshipped Gozag.
Gozag was most pleased with you.
You were not hungry.

You visited 3 branches of the dungeon, and saw 12 of its levels.
You also visited: Ossuary.

You collected 1602 gold pieces.
You spent 85 gold pieces at shops.
You paid 67 gold pieces to Gozag.

Inventory:

Hand Weapons
 a - a +0 flail
 d - a +1 spear of venom
 m - a +0 hand axe of flaming
 q - a +2 whip of flaming (weapon)
 D - a +3 whip
Missiles
 e - 293 stones (quivered)
 g - 47 poisoned needles
 o - 2 throwing nets {!f}
 x - 3 needles of sleeping {!f}
Armour
 b - a +0 scale mail
 c - a +0 shield (worn)
 p - a +2 helmet (worn)
 r - a +2 robe
 v - a +2 leather armour of magic resistance
 w - a +1 hat
 z - a +2 chain mail of cold resistance (worn)
Jewellery
 f - a ring of see invisible (left hand)
 l - a ring of protection from cold (right hand)
 F - an uncursed ring of magical power {unknown}
Wands
 B - a wand of paralysis (13)
 C - a wand of acid (8)
 E - a wand of scattershot (2)
Scrolls
 h - 4 scrolls of teleportation
 i - 2 scrolls of enchant armour
 j - a scroll of noise
 k - 2 scrolls of identify {@r1}
 n - 3 scrolls of fog
 s - 5 scrolls of remove curse {@r2}
 t - 2 scrolls of random uselessness
 u - a scroll of blinking
 y - 2 scrolls of magic mapping
 A - a scroll of vulnerability
 H - a scroll of acquirement {unknown}
 I - a scroll of torment {unknown}
Miscellaneous
 G - a phantom mirror


   Skills:
 + Level 5.6 Fighting
 * Level 8.3 Maces & Flails
 + Level 6.2 Armour
 * Level 8.6 Shields
 + Level 1.4 Evocations


You had 9 spell levels left.
You didn't know any spells.
Your spell library contained the following spells:

 Spells                   Type           Power        Failure   Level  Hunger
 Confuse                  Hex            #.......     100%        3    N/A
 Animate Dead             Necr           N/A          100%        4    N/A
 Pain                     Necr           #...         100%        1    N/A
 Animate Skeleton         Necr           N/A          100%        1    N/A
 Vampiric Draining        Necr           #.........   100%        3    N/A
 Regeneration             Chrm/Necr      #.........   100%        3    N/A
 Stone Arrow              Conj/Erth      #.....       100%        3    N/A
 Confusing Touch          Hex            #.....       100%        1    N/A
 Passwall                 Tmut/Erth      #.......     100%        2    N/A
 Metabolic Englaciation   Hex/Ice        #.........   100%        5    N/A
 Lee's Rapid Deconstruct  Erth           #.........   100%        5    N/A
 Sandblast                Erth           #.....       100%        1    N/A
 Petrify                  Tmut/Erth      #.......     100%        4    N/A
 Gell's Gravitas          Tloc           #.........   100%        3    N/A
 Yara's Violent Unravell  Hex/Tmut       #.........   100%        5    N/A

Dungeon Overview and Level Annotations

Branches:
Dungeon (9/15)             Temple (1/1) D:5            Lair (2/6) D:8
    Orc (0/2) D:9
  Swamp: Lair:2-4    Shoals: Lair:2-4     Snake: Lair:2-4    Spider: Lair:2-4

Altars:
Ashenzari
Cheibriados
Dithmenos
Fedhas
Gozag
Hepliaklqana
Kikubaaqudgha
Makhleb
Nemelex Xobeh
Okawaru
Qazlal
Ru
Sif Muna
Trog
Uskayaw
Vehumet
Wu Jian
Xom
Yredelemnul
Zin
The Shining One
Beogh

Shops:
D:4 ?

Annotations:
D:3 3 runed doors, Oddysee's ghost, amateur DrBe
D:7 3 runed doors, Tovarisch's ghost, novice NaWn


Innate Abilities, Weirdness & Mutations

You do not eat or drink.
Your flesh is vulnerable to fire.
You are immune to poison.
Your flesh is cold resistant. (rC+)
You are immune to negative energy. (rN+++)
You are immune to unholy pain and torment.
You can survive without breathing.


Message History

Okay, then.
Evoke which item? (* to show all) (? for menu, Esc to quit)
Aiming: Scattershot
Press: ? - help, Shift-Dir - straight line, f/p - spiny frog
Aim: a spiny frog (moderately wounded)
The burst of metal fragments hits the spiny frog. x4
The spiny frog is moderately wounded.
The spiny frog stings you!!
* * * LOW HITPOINT WARNING * * *
You block the spiny frog's attack.
Evoke which item? (* to show all) (? for menu, Esc to quit)
Aiming: Corrosive Bolt
Press: ? - help, Shift-Dir - straight line, f/p - spiny frog
Aim: a spiny frog (moderately wounded)
The bolt of acid hits the spiny frog.
The spiny frog is splashed with acid.
The acid corrodes the spiny frog!
The spiny frog is heavily wounded.
The spiny frog stings you!!
You die...
Your body crumbles into a pile of gold.

## . ####.#
#.#.<.#####
##.......#.#
#....⌠....##
#....#......###
#...####.##....#
...# #####...#
... #.F@.# ..
......$....+
.<..⌠.....⌠#
............+
....#.....#.#
######....#.# $
#...## . ...##
.#


You could see a spiny frog.

Vanquished Creatures
  Pikel (D:4)
  A spiny frog (Lair:1)
  A blink frog (Lair:1)
  A hippogriff (D:6)
  Sigmund (D:6)
  A wyvern (D:8)
  2 water moccasins
  A soldier ant (D:7)
  2 orc warriors
  2 sky beasts
  4 phantoms
  An ice beast (D:6)
  A slave (D:3)
  3 centaurs
  4 wolves
  5 ogres
  3 crocodiles
  7 bullfrogs
  3 scorpions
  A howler monkey (D:5)
  6 crimson imps
  A bullfrog zombie (D:3)
  3 centaur zombies
  3 hounds
  2 jellies
  7 orc priests
  A gnoll shaman (D:6)
  7 orc wizards
  3 bullfrog skeletons
  4 iguanas
  4 centaur skeletons
  13 worker ants
  2 hound zombies
  2 mummies (Ossuary)
  A howler monkey zombie (D:6)
  7 gnolls
  7 adders
  A shadow imp (D:5)
  An ooze (D:4)
  An adder skeleton (D:4)
  An adder zombie (D:9)
  2 worms
  A dart slug (D:3)
  12 leopard geckos
  28 orcs
  2 ball pythons
  7 bats
  4 giant cockroaches
  4 gnoll zombies (Ossuary)
  8 hobgoblins
  13 jackals
  4 quokkas
  10 frilled lizards
  3 gnoll skeletons (Ossuary)
  6 goblins
  5 goblin skeletons (Ossuary)
  2 goblin zombies (Ossuary)
  A hobgoblin skeleton (Ossuary)
  A hobgoblin zombie (Ossuary)
  12 kobolds
  A kobold skeleton (Ossuary)
  3 kobold zombies (Ossuary)
  2 orc skeletons (Ossuary)
  An orc zombie (Ossuary)
  9 rats
  A rat skeleton (Ossuary)
  A rat zombie (Ossuary)
265 creatures vanquished.

Vanquished Creatures (others)
  Menkaure (Ossuary)
  A mummy (Ossuary)
  2 gnoll zombies (Ossuary)
  3 gnoll skeletons (Ossuary)
  3 goblin skeletons (Ossuary)
  3 goblin zombies (Ossuary)
  3 hobgoblin skeletons (Ossuary)
  4 hobgoblin zombies (Ossuary)
  2 kobold skeletons (Ossuary)
  2 kobold zombies (Ossuary)
  An orc zombie (Ossuary)
  A rat skeleton (Ossuary)
  A rat zombie (Ossuary)
  A fungus (Lair:2)
  7 plants
35 creatures vanquished.

Grand Total: 300 creatures vanquished

Notes
Turn   | Place    | Note
-------+----------+-------------------------------------------
     0 | D:1      | iamserjio the Mummy Fighter began the quest for the Orb.
     0 | D:1      | Reached XP level 1. HP: 18/18 MP: 1/1
    95 | D:1      | Reached XP level 2. HP: 4/24 MP: 2/2
  1295 | D:2      | Reached XP level 3. HP: 17/29 MP: 3/3
  1699 | D:2      | Found a sacrificial altar of Ru.
  1699 | D:2      | Found a hide-covered altar of Uskayaw.
  2113 | D:2      | Reached XP level 4. HP: 32/35 MP: 4/4
  2408 | D:3      | Found a shadowy altar of Dithmenos.
  2952 | D:3      | Reached XP level 5. HP: 15/41 MP: 5/5
  3168 | D:3      | Found a deep blue altar of Sif Muna.
  3201 | D:3      | Found a runed gate.
  3210 | D:3      | Found a runed gate.
  3211 | D:3      | Found a runed gate.
  3215 | D:3      | Noticed Oddysee's ghost (amateur DrBe)
  3622 | D:4      | Noticed a slave
  3651 | D:3      | Killed a slave
  3982 | D:4      | Found Gennu's Magic Scroll Shop.
  3986 | D:4      | Bought a scroll of fear for 35 gold pieces
  3986 | D:4      | Bought a scroll of teleportation for 30 gold pieces
  3986 | D:4      | Bought a scroll of identify for 20 gold pieces
  4076 | D:4      | Noticed an ogre
  4112 | D:4      | Killed an ogre
  4112 | D:4      | Reached XP level 6. HP: 15/47 MP: 6/6
  5243 | D:4      | Noticed Pikel
  5246 | D:4      | Noticed a slave
  5249 | D:4      | Noticed a slave
  5249 | D:4      | Noticed a slave
  5267 | D:4      | Killed Pikel
  5267 | D:4      | Reached skill level 5 in Shields
  5267 | D:4      | Reached XP level 7. HP: 17/52 MP: 7/7
  5584 | D:4      | Reached skill level 5 in Maces & Flails
  5873 | D:5      | Entered Level 5 of the Dungeon
  5893 | D:5      | Reached XP level 8. HP: 58/58 MP: 8/8
  5904 | D:5      | Found a staircase to the Ecumenical Temple.
  5916 | Temple   | Entered the Ecumenical Temple
  6093 | Temple   | Became a worshipper of Gozag Ym Sagoz the Greedy
  6178 | D:5      | Found a sand-covered staircase.
  6187 | Ossuary  | Entered an ossuary
  6409 | Ossuary  | Killed Menkaure
  7959 | D:6      | Reached XP level 9. HP: 64/64 MP: 9/9
  8053 | D:6      | Reached skill level 5 in Armour
  8487 | D:6      | Noticed Sigmund
  8508 | D:6      | Killed Sigmund
  8641 | D:6      | Found a glowing silver altar of Zin.
  8886 | D:7      | Found a runed gate.
  8886 | D:7      | Found a runed gate.
  8886 | D:7      | Found an opulent altar of Gozag.
 10540 | D:7      | Found a runed door.
 10574 | D:7      | Found a runed door.
 10768 | D:7      | Found a runed gate.
 10769 | D:7      | Noticed Tovarisch's ghost (novice NaWn)
 11171 | D:8      | Found a staircase to the Lair.
 11288 | D:8      | Reached XP level 10. HP: 73/73 MP: 10/10
 11709 | D:8      | Reached skill level 5 in Fighting
 12561 | D:9      | Found a staircase to the Orcish Mines.
 12580 | D:9      | Found a roughly hewn altar of Beogh.
 12764 | D:9      | Noticed a two-headed ogre
 12989 | D:9      | Noticed a fire dragon
 13298 | Lair:1   | Entered Level 1 of the Lair of Beasts
 14186 | Lair:1   | Noticed a spiny frog
 14597 | Lair:1   | Reached skill level 1 in Evocations
 14912 | Lair:1   | Killed a spiny frog
 15363 | Lair:2   | Noticed a spiny frog
 15385 | Lair:2   | Slain by a spiny frog

Vault maps used:
D:1:      dpeg_arrival_rhombus, minmay_pentomino_z4
D:2:      gammafunk_temple_overflow_wave, kennysheep_boxes
D:3:      lemuel_blue_sif_altar, nicolae_dithmenos_through_a_glass_darkly,
          first_ration, gammafunk_ghost_split
D:4:      serial_shops, shop_fountains, minmay_misc_feat_rugged, uniq_pikel
D:5:      minmay_temple_entry_junction_2, lightli_ossuary_entry_decrepit_ruins
D:6:      kennysheep_mini, minmay_lizard_king, uniq_sigmund
D:7:      lemuel_insect_pit, ebering_ghost_gozag, st_stairs_9
D:8:      lair_entry_dummy
D:9:      dragon1_lemuel, elyvilon_altar_1, minmay_orc_entry_temple_small,
          grunt_ministairs_15, hangedman_ranch
Temple:   nicolae_temple_elliptical
Lair:1:   nicolae_lair_grove_arrangements, grunt_megastairs_1
Lair:2:   minmay_shoals_entry_centaurs, guppyfry_snake_entry_island,
          grunt_megastairs_5
Ossuary:  ossuary_due_pyramid

Skill      XL: |  1  2  3  4  5  6  7  8  9 10 |
---------------+-------------------------------+-----
Maces & Flails | 2 3 4 5 6 7 8 |  8.3
Shields        | 3 4 5 6 7 8 |  8.6
Armour         | 3 4 5 6 |  6.2
Fighting       | 4 5 |  5.6
Evocations     | 1 |  1.4

Action                   |  1- 3 |  4- 6 |  7- 9 | 10-12 || total
-------------------------+-------+-------+-------+-------++-------
Melee: Flail             |   146 |   161 |       |       ||   307
       Spear             |       |    71 |   445 |   316 ||   832
       Whip              |       |       |   201 |    48 ||   249
Throw: Stone             |     1 |       |     3 |     1 ||     5
       Throwing net      |       |       |     2 |       ||     2
Evoke: Wand              |       |       |       |    10 ||    10
  Use: Scroll            |       |     7 |     4 |     4 ||    15
 Stab: Distracted        |       |       |     1 |       ||     1
       Paralysed         |       |       |       |     8 ||     8
Armor: Scale mail        |    83 |   110 |   169 |       ||   362
       Chain mail        |       |       |    18 |   152 ||   170
       Leather armour    |       |       |    14 |       ||    14
Dodge: Dodged            |    55 |    81 |   140 |    93 ||   369
Block: Shield            |    89 |   120 |   276 |   216 ||   701

Table legend:
 A = Spawn XP
 B = Non-spawn XP
 C = Spawn XP percentage of total XP
 D = Spawn monster count
 E = Non-spawn monster count
 F = Spawn count percentage of total count
 G = Total turns spent on level
                    A         B        C        D         E        F      G
               +---------+---------+-------+---------+---------+-------+---------
         Total |       0 |    8919 |   0.0 |       0 |     259 |   0.0 | 15385
               +---------+---------+-------+---------+---------+-------+---------
           D:1 |       0 |      29 |   0.0 |       0 |      20 |   0.0 |  1253
           D:2 |       0 |      90 |   0.0 |       0 |      23 |   0.0 |  1151
           D:3 |       0 |      99 |   0.0 |       0 |      24 |   0.0 |  1557
           D:4 |       0 |    1204 |   0.0 |       0 |      26 |   0.0 |  1912
           D:5 |       0 |     578 |   0.0 |       0 |      19 |   0.0 |   874
           D:6 |       0 |    1969 |   0.0 |       0 |      40 |   0.0 |  2924
           D:7 |       0 |    1144 |   0.0 |       0 |      23 |   0.0 |   853
           D:8 |       0 |    1368 |   0.0 |       0 |      29 |   0.0 |  2174
           D:9 |       0 |     566 |   0.0 |       0 |      17 |   0.0 |   562
        Temple |       0 |     179 |   0.0 |       0 |       5 |   0.0 |   288
        Lair:1 |       0 |    1469 |   0.0 |       0 |       9 |   0.0 |  1369
        Lair:2 |       0 |     190 |   0.0 |       0 |       2 |   0.0 |   109
       Ossuary |       0 |      34 |   0.0 |       0 |      22 |   0.0 |   359
               +---------+---------+-------+---------+---------+-------+---------
